 Dungeon Crawl Stone Soup version 0.20.1-1-g8b1a95d (webtiles) character file.

329 tidbits the Skirmisher (level 6, -1/56 HPs)
             Began as a Demigod Wanderer on Aug 22, 2017.
             Shot with an arrow by a centaur (13 damage)
             ... on level 5 of the Dungeon.
             The game lasted 00:12:41 (1376 turns).

tidbits the Skirmisher (Demigod Wanderer)           Turns: 1376, Time: 00:12:41

Health: -1/56      AC:  3    Str: 15    XL:     6   Next: 4%
Magic:  8/8        EV: 14    Int: 20    God:
Gold:   162        SH:  0    Dex: 15    Spells: 5/5 levels left

rFire    . . .     SeeInvis .   a - +3 spear
rCold    . . .     Gourm    .   (no shield)
rNeg     . . .     Faith    .   k - +0 leather armour
rPois    .         Spirit   .   (no helmet)
rElec    .         Reflect  .   (no cloak)
rCorr    .         Harm     .   (no gloves)
MR       .....                  (no boots)
Stlth    ++........             g - amulet of magic regeneration
Regen    0.2/turn               (no ring)
MPRegen  0.2/turn               (no ring)

@: no status effects
A: high mp 1
a: no special abilities


You were on level 5 of the Dungeon.
You were not hungry.

You visited 1 branch of the dungeon, and saw 5 of its levels.

You collected 162 gold pieces.

Inventory:

Hand Weapons
 a - a +3 spear (weapon)
 h - a +0 hunting sling
 v - a +3 whip
Missiles
 c - 113 arrows
 j - 117 stones (quivered)
 r - 3 needles of confusion
 s - 5 tomahawks
 w - 5 javelins
 x - 29 bolts
Armour
 d - a +0 robe
 k - a +0 leather armour (worn)
Jewellery
 g - an amulet of magic regeneration (around neck)
   (You found it on level 1 of the Dungeon)
Scrolls
 b - 3 scrolls of teleportation
 e - a scroll of recharging
 i - a scroll of enchant weapon
 l - a scroll of enchant armour {unknown}
 m - 2 scrolls of blinking {unknown}
 n - 2 scrolls of remove curse {unknown}
 o - a scroll of amnesia {unknown}
 u - a scroll of immolation {unknown}
Comestibles
 f - 2 bread rations
 t - a chunk of flesh


   Skills:
 + Level 5.3 Fighting
 - Level 1.0 Polearms
 - Level 1.0 Throwing
 + Level 4.0 Dodging
 - Level 1.0 Stealth
   Level 1.0 Shields
 - Level 1.0 Unarmed Combat


You had 5 spell levels left.
You didn't know any spells.

Dungeon Overview and Level Annotations

Branches:
Dungeon (5/15)             Temple (0/1) D:5


Innate Abilities, Weirdness & Mutations

You have an increased reservoir of magic. (+10% MP)


Message History

You hit Menkaure.
Menkaure is heavily damaged.
Menkaure rustles, "It doesn't hurt if you pull your brain out of your nose yourself."
Menkaure hits you!
You hit Menkaure but do no damage.
Menkaure is heavily damaged.
You hit Menkaure.
Menkaure is heavily damaged.
Menkaure hits you!
* * * LOW HITPOINT WARNING * * *
You hit Menkaure.
Menkaure is almost destroyed.
You hit Menkaure.
You destroy Menkaure!
Your Fighting skill increases to level 5!
As you read the scroll labeled BULAXZ JISUSCHOMM, it crumbles to dust.
It is a scroll of enchant weapon.
Your +2 spear glows red for a moment.
Unknown command.
A hound comes into view.
The hound barks! 2 jackals come into view.
You catch the helpless jackal completely off-guard!
You hit the jackal.
The jackal is severely wounded.
You hear a distant blaring wail to the southeast.
Attack whom?
Press: ? - help, Dir - move target cursor, f - hound
Aim: a hound You reach to attack!
You hit the hound but do no damage. The jackal closely misses you.
Attack whom?
Press: ? - help, Dir - move target cursor, f/p - hound
Aim: a hound The jackal is in the way.
You closely miss the jackal.
The jackal is severely wounded.
The jackal closely misses you.
Attack whom?
Press: ? - help, Dir - move target cursor, f/p - hound
Aim: a hound The jackal is in the way.
You hit the jackal.
You kill the jackal!
Attack whom?
Press: ? - help, Dir - move target cursor, f/p - hound
Aim: a hound The jackal is in the way.
The jackal barks!
You puncture the jackal!
You kill the jackal!
Attack whom?
Press: ? - help, Dir - move target cursor, f/p - hound
Aim: a hound You miss the hound.
The hound completely misses you.
You hit the hound.
The hound is heavily wounded.
The hound bites you.
* * * LOW HITPOINT WARNING * * *
You closely miss the hound.
The hound is heavily wounded.
The hound bites you.
* * * LOW HITPOINT WARNING * * *
You aren't carrying any potions.
You hit the hound.
The hound is severely wounded.
The hound completely misses you.
You puncture the hound!
You kill the hound!
Your Dodging skill increases to level 4!
You have reached level 6!
Your experience leads to a dramatic increase in your attributes!
Increase (S)trength, (I)ntelligence, or (D)exterity?
You feel clever. x2
You hear a splash. x2
An orc priest comes into view.
It is wielding a war axe. 2 orc wizards come into view.
An orc wizard is wielding a dagger of draining.
You hear a splash. x2
An orc wizard comes into view. It is wielding a dagger of holy wrath.
The orc wizard shouts! x3
The orc wizard casts a spell.
The orc wizard blinks!
Found a scroll labeled BINUG OSYGOA.
You aren't carrying any potions.
Unknown command.
As you read the scroll of teleportation, it crumbles to dust.
You feel strangely unstable.
The orc wizard points at you and mumbles some strange words.
The magic dart hits you!
* * * LOW HITPOINT WARNING * * *
Your surroundings suddenly seem different.
Found a staircase to the Ecumenical Temple.
Found a stone staircase leading down.
Found a robe.
Found a stone staircase leading down.
There is a stone staircase leading down here.
Your extra speed is starting to run out.
A centaur comes into view.
You feel yourself slow down.
The centaur shouts!
The centaur wields a shortbow.
The centaur shoots an arrow.
The arrow hits you!
You die...

#..# #.# #..# #.# #####
#..# #.####...#####
#..###[..>..>......
#.......>.....####
##.#########..# ######
#.# ##.# ...... #.#
###.##### .###.. #@#
#........ #
...............#.#.#####
.....##.######.#.#.#
.### #.. # #.# ... #.#
#... #.# ##.# #.# c. #.
.


You could see a centaur.

Vanquished Creatures
  Menkaure (D:5)
  A jelly (D:5)
  2 hounds
  Terence (D:2)
  A hound skeleton (D:5)
  4 adders
  A leopard gecko (D:1)
  5 bats
  4 giant cockroaches
  4 goblins
  5 hobgoblins
  2 jackals (D:5)
  3 quokkas
  6 frilled lizards
  3 kobolds
  9 rats
52 creatures vanquished.

Vanquished Creatures (others)
  A centaur (D:5)
  An adder (D:5)
  A gnoll (D:5)
3 creatures vanquished.

Grand Total: 55 creatures vanquished

Notes
Turn   | Place    | Note
-------+----------+-------------------------------------------
     0 | D:1      | tidbits the Demigod Wanderer began the quest for the Orb.
     0 | D:1      | tidbits set off with: a +2 spear, a scroll of teleportation, a potion of lignification, a +0 robe, a bread ration
     0 | D:1      | Reached XP level 1. HP: 18/18 MP: 3/3
    35 | D:1      | Reached skill level 3 in Fighting
   134 | D:1      | Reached XP level 2. HP: 24/26 MP: 4/4
   258 | D:2      | Noticed Terence
   278 | D:2      | Killed Terence
   278 | D:2      | Reached skill level 2 in Dodging
   278 | D:2      | Reached XP level 3. HP: 33/33 MP: 5/5
   387 | D:2      | Reached skill level 4 in Fighting
   866 | D:3      | Found a bloodstained altar of Trog.
   868 | D:3      | Reached XP level 4. HP: 37/40 MP: 6/6
   971 | D:5      | Entered Level 5 of the Dungeon
  1242 | D:4      | Reached skill level 3 in Dodging
  1264 | D:4      | Noticed an ogre
  1276 | D:5      | Reached XP level 5. HP: 31/47 MP: 7/7
  1317 | D:5      | Noticed Menkaure
  1326 | D:5      | Killed Menkaure
  1326 | D:5      | Reached skill level 5 in Fighting
  1341 | D:5      | Reached skill level 4 in Dodging
  1341 | D:5      | Reached XP level 6. HP: 11/56 MP: 8/8
  1360 | D:5      | Found a staircase to the Ecumenical Temple.
  1376 | D:5      | Shot with an arrow by a centaur

Skill      XL: |  1  2  3  4  5 |
---------------+----------------+-----
Fighting       | 3 4 5 |  5.3
Dodging        | 2 3 4 |  4.0
Polearms       | |  1.0
Throwing       | |  1.0
Stealth        | |  1.0
Shields        | |  1.0
Unarmed Combat | |  1.0

Action                   |  1- 3 |  4- 6 || total
-------------------------+-------+-------++-------
Melee: Spear             |    79 |    69 ||   148
       Unarmed           |    23 |       ||    23
  Use: Potion            |     2 |     2 ||     4
       Scroll            |     1 |     3 ||     4
 Stab: Sleeping          |     7 |     1 ||     8
       Distracted        |       |     1 ||     1
  Eat: Chunk             |       |     2 ||     2
Armor: Robe              |     7 |       ||     7
       Skin              |    20 |       ||    20
       Leather armour    |    11 |     3 ||    14
Dodge: Dodged            |    30 |    42 ||    72

Table legend:
 A = Turns spent in this place as a percentage of turns spent in the entire game.
 B = Non-inter-level travel turns spent in this place as a percentage of non-inter-level travel turns spent in the entire game.
 C = Inter-level travel turns spent in this place as a percentage of turns spent in this place.
 D = Turns resting spent in this place as a percentage of non-inter-level travel turns spent in this place.
 E = Turns spent auto-exploring this place as a percentage of non-inter-level travel turns spent in this place.
 F = Non-inter-level travel turns spent in this place divided by the number of levels of this place that you've seen.
                   A       B       C       D       E      F
               +-------+-------+-------+-------+-------+----------------------
         Total | 100.0 | 100.0 |   0.0 |   0.2 |   0.0 | 266.6
       Dungeon | 100.0 | 100.0 |   0.0 |   0.2 |   0.0 | 266.6
               +-------+-------+-------+-------+-------+----------------------

Table legend:
 A = Kills in this place as a percentage of kills in entire the game.
 B = Kills by you in this place as a percentage of kills by you in the entire game.
 C = Kills by friends in this place as a percentage of kills by friends in the entire game.
 D = Other kills in this place as a percentage of other kills in the entire game.
 E = Experience gained in this place as a percentage of experience gained in the entire game.
 F = Experience gained in this place divided by the number of levels of this place that you have seen.
                   A       B       C       D       E      F
               +-------+-------+-------+-------+-------+----------------------
         Total | 100.0 | 100.0 |  -nan |  -nan | 100.0 |  94.0
       Dungeon | 100.0 | 100.0 |  -nan |  -nan | 100.0 |  94.0
               +-------+-------+-------+-------+-------+----------------------

Vault maps used:
D:1:      onia_arrival_larder, corner_web_ring
D:2:      grunt_ministairs_5, fountainhead, kennysheep_potato, uniq_terence
D:3:      first_bread, trog_three_pillars_becter
D:5:      kennysheep_mini, minmay_temple_entry_butterflies, xom_confusion_cloud,
          uniq_menkaure, uniq_ijyb
